 Dungeon Crawl Stone Soup version 0.31.0-4-g52a2dc7128 (webtiles) character file.

Game seed: 10387486441139761223

104 night the Conjurer (level 4, 0/33 HPs)
             Began as a Draconian Conjurer on Jan 22, 2024.
             Killed from afar by Natasha (10 damage)
             ... with a puff of flame
             ... on level 2 of the Dungeon.
             The game lasted 00:02:48 (1290 turns).

night the Conjurer (Draconian Conjurer)             Turns: 1290, Time: 00:02:48

Health: 0/33       AC:  5    Str:  9    XL:     4   Next: 52%
Magic:  3/9        EV: 12    Int: 20    God:
Gold:   41         SH:  0    Dex: 10    Spells: 6/9 levels left

rFire   . . .        (no weapon)
rCold   . . .        (no shield)
rNeg    . . .        (body armour unavailable)
rPois   .            (helmet restricted)
rElec   .            (no cloak)
rCorr   .            (no gloves)
SInv    .            (no boots)
Will    .....        (no amulet)
Stlth   ++           e - ring of wizardry
HPRegen 0.25/turn    (no ring)
MPRegen 0.11/turn

%: wizardry (x1)
@: no status effects
A: AC +5, unfitting armour, cold-blooded
a: no special abilities


You were on level 2 of the Dungeon.
You visited 1 branch of the dungeon, and saw 2 of its levels.

You collected 41 gold pieces.

Inventory:

Missiles
 g - 10 stones
Jewellery
 e - a ring of wizardry (left hand)
 f - a ring of ice
Wands
 l - a wand of acid (3)
Scrolls
 c - a scroll of torment {unknown}
 i - 2 scrolls of teleportation {unknown}
 j - a scroll of vulnerability {unknown}
 k - a scroll of revelation {unknown}
 n - a scroll of identify {unknown}
Potions
 a - a potion of magic
 b - a potion of curing {unknown}
 d - 2 potions of mutation {unknown}
 h - 2 potions of heal wounds {unknown}
 m - a potion of enlightenment {unknown}
 o - a potion of lignification {unknown}


   Skills:
 - Level 1.7 Dodging
 - Level 1.7 Stealth
 + Level 3.4 Spellcasting
 + Level 5.1 Conjurations


You had 6 spell levels left.
You knew the following spells:

 Your Spells              Type           Power      Damage    Failure   Level
a - Magic Dart            Conj           92%        1d7       1%          1
b - Searing Ray           Conj           46%        2d6       1%          2

Your spell library contained the following spells:

 Spells                   Type           Power      Damage    Failure   Level
 Fulminant Prism          Conj/Alch      6%         3d7       19%         4
 Iskenderun's Mystic Bla  Conj/Tloc      13%        2d5       19%         4


Dungeon Overview and Level Annotations

Branches:
Dungeon (2/15)

Altars:

Shops:
D:1 (

Annotations:
D:2 Natasha


Innate Abilities, Weirdness & Mutations

Your plain brown scales are hard. (AC +5)
You cannot fit into any form of body armour.
You are cold-blooded and may be slowed by cold attacks.


Message History

Casting: Magic Dart (safe; 1% risk of failure)
Confirm with . or Enter, or press ? or * to list all spells.
Aiming: Magic Dart (safe; 1% risk of failure)
Press: ? - help, Shift-Dir - straight line, f/p - Natasha
Aim: Natasha, carrying a wand of flame (heavily wounded, 100% to hit)
The magic dart hits the cerulean imp.
The cerulean imp is moderately wounded.
Natasha mumbles some strange words.
Things that are here:
the felid corpse of Natasha; a dart slug corpse The cerulean imp barely misses you.
Natasha zaps a wand.
The puff of flame hits you.
The cerulean imp hits you from afar with a +0 spear.
Natasha zaps a wand.
The puff of flame hits you.
The cerulean imp attacks as it pursues you!
The cerulean imp closely misses you.
The cerulean imp hits you from afar with a +0 spear.
The cerulean imp barely misses you. The cerulean imp closely misses you.
The cerulean imp barely misses you.
The cerulean imp attacks as it pursues you!
The cerulean imp misses you.
The cerulean imp hits you but does no damage.
Natasha casts a spell at you. The magic dart hits you.
* * * LOW HITPOINT WARNING * * *
The cerulean imp completely misses you.
Casting: Magic Dart (safe; 1% risk of failure)
Confirm with . or Enter, or press ? or * to list all spells.
Aiming: Searing Ray (safe; 1% risk of failure)
Press: ? - help, Shift-Dir - straight line, f/p - Natasha
Aim: Natasha, carrying a wand of flame (heavily wounded, 72% to hit)
The searing ray hits Natasha.
Natasha is severely wounded. (Press . to maintain the ray.)
The cerulean imp hits you but does no damage.
The searing ray hits Natasha.
Natasha is almost dead.
Natasha zaps a wand.
The puff of flame hits you!
You die...
Natasha begins licking her fur clean.

.....#
#.........##.w...)..
.....#
##.#######..#........
..#######..# ##.#.......>
..##......## #.#..†....!
..##.######
#######.#......#
..##.########..........#
..............#####......#
.........####h.55........#
.###.........@##...#####.#
.# ##.....######†### ?#
.#####....# #.# #
........### ### .#####..#
.# ..# .# ..# .# #.# .#
#.#


You could see Natasha and 2 cerulean imps.

Vanquished Creatures
  Natasha (twice) (D:2)
  2 adders
  A dart slug (D:2)
  2 ball pythons (D:1)
  4 bats
  5 endoplasms
  3 giant cockroaches
  2 hobgoblins (D:1)
  3 kobolds
  3 quokkas
  4 frilled lizards
  A goblin (D:1)
  2 rats (D:1)
34 creatures vanquished.

Notes
Turn   | Place    | Note
-------+----------+-------------------------------------------
     0 | D:1      | night the Draconian Conjurer began the quest for the Orb.
     0 | D:1      | Reached XP level 1. HP: 14/14 MP: 3/3
    32 | D:1      | Found Gimit's Antique Weapon Emporium.
   326 | D:1      | Reached XP level 2. HP: 20/20 MP: 3/5
   382 | D:1      | Learned a level 2 spell: Searing Ray
   816 | D:2      | Noticed Natasha
   823 | D:1      | Reached XP level 3. HP: 18/26 MP: 0/7
   892 | D:2      | Killed Natasha
  1064 | D:2      | Reached XP level 4. HP: 33/33 MP: 0/8
  1202 | D:2      | Noticed Natasha
  1226 | D:2      | Killed Natasha
  1227 | D:2      | Reached skill level 5 in Conjurations
  1275 | D:2      | Noticed Natasha
  1290 | D:2      | Killed from afar by Natasha

Illustrated notes

Levels and vault maps discovered:
D:1:      minmay_arrival_doors, layout_rooms, serial_shops, shop,
          dk_noncrumbling_2, grunt_decor_one_mirror
D:2:      minmay_roachtagon, layout_rooms, uniq_natasha

Skill      XL: |  1  2  3  4 |
---------------+-------------+-----
Spellcasting   | 3 |  3.4
Conjurations   | 5 |  5.1
Dodging        | |  1.7
Stealth        | |  1.7

Action                     |  1- 3 |  4- 6 || total
---------------------------+-------+-------++-------
  Melee: Unarmed           |    29 |     1 ||    30
         Tailslap          |     2 |       ||     2
   Cast: Magic Dart        |    47 |     7 ||    54
         Searing Ray       |     2 |     2 ||     4
  Evoke: Wand              |       |     2 ||     2
 Armour: Skin              |    24 |    13 ||    37
  Dodge: Dodged            |    20 |    12 ||    32
